[Event "Team 45 45 League T77"]
[Site "Internet Chess Club"]
[Date "2018.07.11"]
[Round "4"]
[White "Ticktockman"]
[Black "howah45"]
[Result "1/2-1/2"]
[WhiteElo "1142"]
[BlackElo "1089"]
[Opening "Polish (Sokolsky) opening"]
[ECO "A00"]
[Time "20:03:57"]
[TimeControl "2700+45"]

1. b4 d5 2. Bb2 Nf6 3. Bxf6 gxf6 4. Nf3 Bf5 5. Nd4 Bg6 6. Nf3 e5 7. a3 Nd7 8. d3
Bh6 9. g3 Nb6 10. Bg2 Qd7 11. O-O O-O-O 12. Nbd2 Bf5 13. Nb3 Na4 14. e4 dxe4 15.
dxe4 Bxe4 16. Qxd7+ Rxd7 17. c4 Bd3 18. Rfd1 Bxc4 19. Rxd7 Kxd7 20. Rd1+ Kc8 21.
Na5 Be6 22. Nh4 b6 23. Nc6 a5 24. bxa5 bxa5 25. Nxa5 Nc5 26. Nc6 Bd7 27. Ne7+
Kb8 28. Rb1+ Ka7 29. Nc6+ Bxc6 30. Bxc6 Rb8 31. Rxb8 Kxb8 32. Be8 Ka7 33. Bxf7
Bc1 34. Bg8 h6 35. Nf5 Ka6 36. Nxh6 Bxh6 37. Bc4+ Ka5 38. Kg2 Ka4 39. Kf3 Kxa3
40. Kg4 Bf8 41. Kf5 Nd7 42. Ke6 Kb4 43. Bd5 Nc5+ 44. Kxf6 e4 45. Kf5 Nd3 46.
Kxe4 Nxf2+ 47. Kf3 Nh1 48. Kg2 Nxg3 49. hxg3 Kc5 50. Bg8 Kd6 51. g4 Ke7 52. Kf3
Kf6 53. Bd5 c5 54. Ke4 Kg5 55. Be6 Kf6 56. Bc4 Kg5 57. Be6 Kf6 58. Bc4 Kg5 59.
Be6 Kf6 60. Bc4 {Game drawn by repetition} 1/2-1/2